 Dungeon Crawl Stone Soup version 0.28.0-49-g6dfe1f597d (webtiles) character file.

Game seed: 2131723384194763539

13 Zeld the Stinger (level 2, -1/24 HPs)
             Began as a Naga Venom Mage on May 15, 2022.
             Slain by a quokka (5 damage)
             ... on level 1 of the Dungeon.
             The game lasted 00:00:53 (340 turns).

Zeld the Stinger (Naga Venom Mage)                   Turns: 340, Time: 00:00:54

Health: -1/24      AC:  1    Str: 10    XL:     2   Next: 37%
Magic:  0/5        EV: 10    Int: 15    God:
Gold:   12         SH:  0    Dex: 11    Spells: 4/5 levels left

rFire   . . .      SeeInvis +   (no weapon)
rCold   . . .      Faith    .   (no shield)
rNeg    . . .      Spirit   .   a - +0 robe
rPois   +          Reflect  .   (no helmet)
rElec   .          Harm     .   (no cloak)
rCorr   .          Rampage  .   (no gloves)
Will    .....                   (no barding)
Stlth   ++........              (no amulet)
HPRegen 0.08/turn               (no ring)
MPRegen 0.09/turn               (no ring)

@: very slow
A: AC +0, large, see invisible, deformed body, poison resistance, slowness 2,
spit poison 1, naga tail 1
a: Spit Poison


You were on level 1 of the Dungeon.
You visited 1 branch of the dungeon, and saw 1 of its levels.

You collected 12 gold pieces.

Inventory:

Armour
 a - a +0 robe (worn)
Scrolls
 c - a scroll of enchant weapon {unknown}
Potions
 b - 2 potions of ambrosia {unknown}


   Skills:
 * Level 0.8 Fighting
 * Level 1.7 Dodging
 * Level 3.2 Stealth
 * Level 2.1 Spellcasting
 + Level 1.2 Transmutations
 * Level 4.1 Poison Magic


You had 4 spell levels left.
You knew the following spells:

 Your Spells              Type           Power      Damage    Failure   Level
a - Sting                 Tmut/Pois      36%        1d4       8%          1

Your spell library contained the following spells:

 Spells                   Type           Power      Damage    Failure   Level
 Poisonous Vapours        Pois/Air       14%        N/A       14%         2
 Mephitic Cloud           Conj/Pois/Air  5%         N/A       36%         3
 Olgreb's Toxic Radiance  Pois           13%        N/A       38%         4


Dungeon Overview and Level Annotations

Branches:
Dungeon (1/15)

Altars:


Innate Abilities, Weirdness & Mutations

Your serpentine skin is tough. (AC +0)
You have supernaturally acute eyesight. (SInv)
Armour fits poorly on your strangely shaped body.
Your system is resistant to poisons. (rPois)
You cover ground very slowly.
You can spit poison.
You have a snake-like lower body.


Message History

Casting: Sting (safe; 8% risk of failure)
Confirm with . or Enter, or press ? or * to list all spells.
Aiming: Sting (safe; 8% risk of failure)
Press: ? - help, Shift-Dir - straight line, f - quokka, p - quokka
Aim: a quokka (56% to hit)
The sting hits the quokka.
The quokka is poisoned.
The quokka is heavily wounded.
The quokka bites you. x2
* * * LOW HITPOINT WARNING * * *
Casting: Sting (safe; 8% risk of failure)
Confirm with . or Enter, or press ? or * to list all spells.
Aiming: Sting (safe; 8% risk of failure)
Press: ? - help, Shift-Dir - straight line, f/p - quokka
Aim: a quokka (heavily wounded, poisoned, 56% to hit)
The sting hits the quokka but does no damage.
The quokka looks even sicker.
The quokka is heavily wounded.
The quokka bites you.
* * * LOW HITPOINT WARNING * * *
The quokka barely misses you.
Casting: Sting (safe; 8% risk of failure)
Confirm with . or Enter, or press ? or * to list all spells.
Aiming: Sting (safe; 8% risk of failure)
Press: ? - help, Shift-Dir - straight line, f/p - quokka
Aim: a quokka (severely wounded, very poisoned, 56% to hit)
The sting hits the quokka but does no damage.
The quokka looks even sicker.
The quokka is severely wounded.
The quokka barely misses you. The quokka closely misses you.
Unknown command.
You closely miss the quokka.
The quokka is severely wounded.
You kill the quokka!
The quokka closely misses you.
Unknown command.
You closely miss the quokka.
The quokka is almost dead.
You have got your breath back.
The quokka bites you.
You die...

.. .# .# ###### .#
#..$.# .# #....# .#
.##....#########r#
.....)......)..g@.#
......#############
...r..# ..###.# ..
#.# . #.# . ..#


You could see a quokka (very poisoned) and a hobgoblin.

Vanquished Creatures
  A ball python (D:1)
  3 bats (D:1)
  A giant cockroach (D:1)
  A goblin (D:1)
  A hobgoblin (D:1)
  A quokka (D:1)
  2 kobolds (D:1)
  A rat (D:1)
11 creatures vanquished.

Notes
Turn   | Place    | Note
-------+----------+-------------------------------------------
     0 | D:1      | Zeld the Naga Venom Mage began the quest for the Orb.
     0 | D:1      | Reached XP level 1. HP: 15/15 MP: 3/3
    61 | D:1      | Noticed a floating eye
    63 | D:1      | Found a faded altar of an unknown god.
    65 | D:1      | Noticed a golden eye
    65 | D:1      | Noticed a floating eye
    65 | D:1      | Noticed an eye of devastation
   203 | D:1      | Reached XP level 2. HP: 16/22 MP: 0/5
   340 | D:1      | Slain by a quokka

Illustrated notes

Levels and vault maps discovered:
D:1:      heliophobic_arrival_henge, layout_basic,
          hellmonk_ecumenical_altar_watching_god, kennysheep_boxes

Action                   || total
-------------------------++-------
Melee: Unarmed           ||     6
 Cast: Sting             ||    15
 Abil: Spit Poison       ||     2
Armor: Robe              ||     2
Dodge: Dodged            ||    15
